 Dungeon Crawl Stone Soup version 0.30.0-5-g1a98f26d00 (webtiles) character file.

Game seed: 9745521860264388829

544 javelincjr the Firebug (level 7, -2/45 (46) HPs)
             Began as a Demonspawn Fire Elementalist on May 12, 2023.
             Slain by Crazy Yiuf
             ... wielding a +3 quarterstaff of chaos
              (10 damage)
             ... while paralysed by Crazy Yiuf
             ... on level 4 of the Dungeon.
             The game lasted 00:22:31 (4404 turns).

javelincjr the Firebug (DsFE)                       Turns: 4404, Time: 00:22:32

HP:   -2/45 (46)    AC:  6    Str: 11 (14) XL:     7   Next: 6%
MP:   16/21         EV:  2    Int: 17 (18) God:
Gold: 243           SH:  0    Dex: 10 (13) Spells: 12/13 levels left

rFire   . . .        i - +1 spear (flame)
rCold   . . .        (no shield)
rNeg    + . .        a - +0 robe
rPois   .            (no helmet)
rElec   .            t - +0 cloak
rCorr   +            (no gloves)
SInv    .            f - +0 pair of boots
Will    +....        (no amulet)
Stlth   ++           c - ring of willpower
HPRegen 0.27/turn    m - ring "Uroap" {rN+ rCorr MP+9 Str+5}
MPRegen 0.17/turn

%: no passive effects
@: paralysed, agile, lightly drained
A: thin metallic scales 1, powered by death 1, powered by pain 1, demonic touch
1
a: no special abilities


You were on level 4 of the Dungeon.
You visited 2 branches of the dungeon, and saw 5 of its levels.

You collected 243 gold pieces.

Inventory:

Hand Weapons
 i - a +1 spear of flaming (weapon)
 q - a +1 flail of draining
Missiles
 p - a throwing net
Armour
 a - a +0 robe (worn)
 f - a +0 pair of boots (worn)
 t - a +0 cloak (worn)
Jewellery
 c - a ring of willpower (left hand)
 m - the ring "Uroap" (right hand) {rN+ rCorr MP+9 Str+5}
   (You found it on level 2 of the Dungeon)

   [ring of resist corrosion]

   Str:       It affects your strength (+5).
   rN:        It protects you from negative energy.
   MP:        It affects your magic capacity (+9).
   rCorr:     It protects you from acid and corrosion.
 x - a ring of positive energy
Wands
 y - a wand of roots (8)
Scrolls
 d - 2 scrolls of teleportation {unknown}
 g - 3 scrolls of identify {unknown}
 k - a scroll of poison {unknown}
 l - 2 scrolls of fog {unknown}
 n - 2 scrolls of fear {unknown}
 r - a scroll of noise {unknown}
 u - a scroll of immolation {unknown}
Potions
 b - a potion of magic
 e - 2 potions of degeneration
 h - a potion of lignification
 j - 2 potions of curing
 o - 2 potions of invisibility {unknown}
 s - a potion of mutation {unknown}
 v - a potion of resistance
 w - a potion of ambrosia {unknown}


   Skills:
 + Level 3.5 Dodging
 + Level 3.7 Stealth
 + Level 3.5 Spellcasting
 + Level 3.3 Conjurations
 + Level 4.0 Fire Magic


You had 12 spell levels left.
You knew the following spells:

 Your Spells              Type           Power      Damage    Failure   Level
a - Foxfire               Conj/Fire      60%        2x1d7     3%          1

Your spell library contained the following spells:

 Spells                   Type           Power      Damage    Failure   Level
 Scorch                   Fire           32%        2d6       4%          2
 Inner Flame              Hex/Fire       9%         N/A       22%         3
 Volatile Blastmotes      Fire/Tloc      18%        2d11      22%         3
 Flame Wave               Conj/Fire      15%        2d7       36%         4


Dungeon Overview and Level Annotations

Branches:
Dungeon (4/15)             Temple (1/1) D:4

Altars:
Ashenzari
Cheibriados
Gozag
Kikubaaqudgha
Makhleb
Nemelex Xobeh
Okawaru
Qazlal
Uskayaw
Vehumet
Wu Jian
Xom
Yredelemnul

Annotations:
D:4 Crazy Yiuf


Innate Abilities, Weirdness & Mutations

You are partially covered in thin metallic scales. (AC +2)
You regenerate a little health from kills.
You sometimes gain a little power by taking damage.
Your touch may inflict minor irresistible damage on your foes.


Message History

Magic restored.
You open the door.
There is an open door here.
Things that are here:
a +0 leather armour; a +0 club You see here the felid skeleton of Natasha.
There is a stone staircase leading down here.
Found a hammer.
Found a runed translucent door.
Crazy Yiuf shouts!
You open the door.
You conjure some foxfire!
The foxfire hits Crazy Yiuf.
Crazy Yiuf is lightly wounded.
You hit Crazy Yiuf but do no damage.
Crazy Yiuf is lightly wounded.
You barely miss Crazy Yiuf.
Crazy Yiuf is lightly wounded.
Crazy Yiuf hits you with a +3 quarterstaff of chaos!
You hit Crazy Yiuf. You burn Crazy Yiuf. Your touch misses Crazy Yiuf.
Crazy Yiuf is moderately wounded.
Crazy Yiuf zaps a wand.
You resist with almost no effort.
You hit Crazy Yiuf but do no damage.
Crazy Yiuf is moderately wounded.
Crazy Yiuf barely misses you.
You hit Crazy Yiuf. You burn Crazy Yiuf.
Crazy Yiuf is moderately wounded.
Crazy Yiuf grits, "Snurf ena canine!"
Crazy Yiuf zaps a wand.
You resist with almost no effort.
You barely miss Crazy Yiuf.
Crazy Yiuf is moderately wounded.
Crazy Yiuf hits you with a +3 quarterstaff of chaos.
You suddenly lose the ability to move!
Crazy Yiuf hits you with a +3 quarterstaff of chaos!
You focus on the pain.
You feel agile all of a sudden. You partially resist.
You feel drained.
Crazy Yiuf hits you with a +3 quarterstaff of chaos! x2
* * * LOW HITPOINT WARNING * * *
You feel your power leaking away.
Crazy Yiuf hits you with a +3 quarterstaff of chaos!
You die...

....................##...........
...........###########.#+#...#...
...........# #.......#)..
......###..# ##### #..>....#...
......# #..# #..)# #.......#...
......# #..# #...# #.......####
####### #..# ... #.......# #..#
#g# #.......# #### ♣♣@♣ #.......#
♣.♣♣ #.......# ♣♣.♣ ##.######
♣.♣♣ #.# ♣♣.♣♣ #.# ♣...♣♣ #.#
♣....♣ ##.# #+..+# #..#
#....####.##


You could see Crazy Yiuf.

Vanquished Creatures
  A phantom (D:4)
  2 scorpions (D:4)
  A hound (D:4)
  A gnoll bouda (D:4)
  Ijyb (D:4)
  Terence (D:1)
  Natasha (thrice) (D:4)
  4 gnolls (D:4)
  5 adders
  3 worms
  A dart slug (D:3)
  2 orcs (D:3)
  5 ball pythons
  4 endoplasms
  3 giant cockroaches
  10 goblins
  8 hobgoblins
  4 jackals (D:1)
  5 kobolds
  5 bats
  10 frilled lizards (D:1)
  5 rats
  A spectral hobgoblin (D:2)
85 creatures vanquished.

Vanquished Creatures (collateral kills)
  A foxfire (D:4)
1 creature vanquished.

Vanquished Creatures (others)
  360 foxfires
360 creatures vanquished.

Grand Total: 446 creatures vanquished

Notes
Turn   | Place    | Note
-------+----------+-------------------------------------------
     0 | D:1      | javelincjr the Demonspawn Fire Elementalist began the quest
                  | for the Orb.
     0 | D:1      | Reached XP level 1. HP: 13/13 MP: 3/3
   278 | D:1      | Gained mutation: Your touch may inflict minor irresistible
                  | damage on your foes. [demonic ancestry]
   278 | D:1      | Reached XP level 2. HP: 19/19 MP: 0/5
   998 | D:2      | Reached skill level 3 in Fire Magic
   998 | D:2      | Gained mutation: You sometimes gain a little power by
                  | taking damage. [demonic ancestry]
   998 | D:2      | Reached XP level 3. HP: 18/24 MP: 0/6
  1058 | D:2      | Noticed Terence
  1074 | D:1      | Killed Terence
  1137 | D:2      | Reached XP level 4. HP: 27/30 MP: 2/7
  1258 | D:2      | Identified the ring "Uroap" {rN+ rCorr MP+9 Str+5}
  1416 | D:2      | Found a faded altar of an unknown god.
  3186 | D:4      | Noticed a scorpion
  3191 | D:4      | Killed a scorpion
  3192 | D:4      | Gained mutation: You are partially covered in thin metallic
                  | scales. (AC +2) [demonic ancestry]
  3192 | D:4      | Reached XP level 5. HP: 35/35 MP: 6/9
  3403 | D:4      | Noticed a phantom
  3410 | D:4      | Killed a phantom
  3411 | D:4      | Gained mutation: You regenerate a little health from kills.
                  | [demonic ancestry]
  3411 | D:4      | Reached XP level 6. HP: 41/41 MP: 10/10
  3495 | D:4      | Noticed Natasha
  3505 | D:4      | Killed Natasha
  3566 | D:4      | Noticed Ijyb
  3579 | D:4      | Killed Ijyb
  3644 | D:4      | Noticed Natasha
  3648 | D:4      | Killed Natasha
  3801 | D:4      | Noticed Natasha
  3806 | D:4      | Killed Natasha
  3807 | D:4      | Reached skill level 4 in Fire Magic
  3807 | D:4      | Reached XP level 7. HP: 14/46 MP: 12/12
  3967 | D:4      | Found a staircase to the Ecumenical Temple.
  3985 | Temple   | Entered the Ecumenical Temple
  4175 | D:4      | Found an ornate altar of the Wu Jian Council.
  4389 | D:4      | Found a runed translucent door.
  4390 | D:4      | Noticed Crazy Yiuf
  4400 | D:4      | Paralysed by Crazy Yiuf for 5 turns
  4404 | D:4      | Slain by Crazy Yiuf

Illustrated notes

Levels and vault maps discovered:
D:1:      dpeg_arrival_short_road, layout_rooms,
          amcnicky_mini_rare_corridor_liquid, minmay_lizard_king
D:2:      layout_rooms, dreamdust_ecumenical_altar_drowned_temple,
          minmay_nonomino_d4, uniq_terence
D:3:      layout_basic, general_overflow_altar
D:4:      layout_basic, mainiacjoe_overflow_brackets, minmay_temple_entry_waves,
          minmay_tree_intersection, small_statue_intersection,
          nicolae_grassy_gnolls, uniq_ijyb, uniq_natasha,
          uniq_crazy_yiuf_cottage
Temple:   nicolae_temple_two_arcs

Skill      XL: |  1  2  3  4  5  6 |
---------------+-------------------+-----
Stealth        | 2 3 |  3.7
Dodging        | 2 3 |  3.5
Fire Magic     | 3 4 |  4.0
Conjurations   | 2 3 |  3.3
Spellcasting   | 3 |  3.5

Action                     |  1- 3 |  4- 6 |  7- 9 || total
---------------------------+-------+-------+-------++-------
  Melee: Unarmed           |    10 |     1 |       ||    11
         Touch             |     2 |    11 |     1 ||    14
         Flail             |       |    25 |       ||    25
         Spear             |       |       |     8 ||     8
   Cast: Foxfire           |    57 |   152 |     8 ||   217
    Use: Potion            |       |     5 |       ||     5
 Armour: Robe              |     5 |    15 |       ||    20
         Skin              |       |     3 |       ||     3
  Dodge: Dodged            |    12 |    35 |     1 ||    48
